 Dungeon Crawl Stone Soup version 0.30-a0-458-g86641cc369 (webtiles) character file.

Game seed: 2459119895209389279

97 NinjaNoafa the Conjurer (level 4, -5/24 HPs)
             Began as a Tengu Conjurer on Dec 14, 2022.
             Slain by an orc
             ... wielding a +0 war axe
              (10 damage)
             ... on level 3 of the Dungeon.
             The game lasted 00:03:31 (2476 turns).

NinjaNoafa the Conjurer (Tengu Conjurer)            Turns: 2476, Time: 00:03:32

Health: -5/24      AC:  2    Str:  7    XL:     4   Next: 68%
Magic:  3/10       EV: 12    Int: 21    God:
Gold:   78         SH:  0    Dex: 12    Spells: 7/10 levels left

rFire   . . .      SeeInvis .    g - +0 short sword
rCold   . . .      Faith    .    (no shield)
rNeg    . . .      Spirit   .    a - +0 robe
rPois   .          Reflect  .    (helmet restricted)
rElec   .          Harm     .    (no cloak)
rCorr   .          Rampage  .    (no gloves)
Will    .....                    (boots unavailable)
Stlth   ++........               (no amulet)
HPRegen 0.24/turn                (no ring)
MPRegen 0.12/turn                (no ring)

@: no status effects
A: beak, talons 3
a: no special abilities


You were on level 3 of the Dungeon.
You visited 1 branch of the dungeon, and saw 3 of its levels.

You collected 78 gold pieces.

Inventory:

Hand Weapons
 g - a +0 short sword (weapon)
Missiles
 d - 25 stones
 k - a throwing net
Armour
 a - a +0 robe (worn)
Wands
 q - a wand of roots (4)
Scrolls
 e - 2 scrolls of teleportation {unknown}
 f - a scroll of poison {unknown}
 i - a scroll of noise {unknown}
 l - a scroll of brand weapon {unknown}
 m - 2 scrolls of identify {unknown}
Potions
 b - a potion of magic
 c - a potion of might {unknown}
 h - a potion of curing
 j - a potion of resistance {unknown}
 n - a potion of cancellation {unknown}
 o - a potion of ambrosia {unknown}
 p - 2 potions of haste {unknown}
 r - 2 potions of flight {unknown}


   Skills:
 - Level 2.1 Dodging
 - Level 2.0 Stealth
 * Level 3.7 Spellcasting
 + Level 6.2 Conjurations


You had 7 spell levels left.
You knew the following spells:

 Your Spells              Type           Power      Damage    Failure   Level
a - Magic Dart            Conj           100%       1d8       1%          1
b - Searing Ray           Conj           60%        2d6       1%          2

Your spell library contained the following spells:

 Spells                   Type           Power      Damage    Failure   Level
 Dazzling Flash           Conj/Hex       34%        N/A       11%         3
 Stone Arrow              Conj/Erth      34%        3d9       11%         3
 Fulminant Prism          Conj/Hex       8%         3d7       34%         4
 Iskenderun's Mystic Bla  Conj/Tloc      17%        2d5       34%         4
 Animate Armour           Summ/Erth      6%         N/A       77%         4
 Agony                    Necr           3%         N/A       98%         5
 Silence                  Hex/Air        1%         N/A       98%         5
 Lehudib's Crystal Spear  Conj/Erth      8%         10d4      100%        8


Dungeon Overview and Level Annotations

Branches:
Dungeon (3/15)

Altars:
Xom

Shops:
D:2 =


Innate Abilities, Weirdness & Mutations

You have a beak for a mouth.
You have claws for feet.


Message History

The orc wizard shouts!
The magic dart hits the orc.
The orc is moderately wounded.
The orc drinks a potion.
The orc flickers and vanishes!
Deactivating autopickup; reactivate with Ctrl-A.
Casting: Magic Dart (safe; 1% risk of failure)
Confirm with . or Enter, or press ? or * to list all spells.
Aiming: Searing Ray (safe; 1% risk of failure)
Press: ? - help, Shift-Dir - straight line, f - orc wizard
Aim: an orc wizard, wielding a +0 dagger and wearing a +0 robe (74% to hit)
The searing ray hits the orc wizard!
The orc wizard is heavily wounded. (Press . to maintain the ray.)
The searing ray misses the orc wizard.
The orc wizard points at you and mumbles some strange words.
You are confused.
The orc wizard hits you with a +0 dagger.
You hit the orc wizard but do no damage.
The orc wizard is heavily wounded.
The orc wizard gestures at you while chanting.
The magic dart hits you.
You closely miss the orc wizard.
The orc wizard is heavily wounded.
The orc wizard hits you with a +0 dagger.
The orc wizard attacks as you move away!
The orc wizard hits you with a +0 dagger.
The orc wizard shouts!
It was a potion of curing.
You feel better. The orc wizard casts a spell at you. Something hits you.
Something hits you.
The orc wizard gestures wildly while chanting.
The orc wizard flickers and vanishes!
Something hits you.
* * * LOW HITPOINT WARNING * * *
Okay, then.
The orc wizard gestures wildly while chanting.
The orc wizard flickers and vanishes!
Something hits you!
You die...

#...).# #.......#
#....... #.###.#
#.......# #....... #.
#.# #.......# ##.##.##
#.###.# #.......#
#.#..## #....{#
#.......# #.#.###
#.....# #.......#
#.#.###
#.#.#.#########.#
#...... #
#...{#######.#.#####.###
#.###..#.@....###......#
#......#.####..#)#######
######..........##
#...#.##.### #.....##)#
##...†...# #.#####.#
#.......# #########


There were no monsters in sight!

Vanquished Creatures
  Ijyb (D:3)
  2 adders
  3 dart slugs
  8 endoplasms
  A giant cockroach (D:2)
  3 goblins
  8 hobgoblins
  A quokka (D:1)
  6 ball pythons
  3 bats
  A frilled lizard (D:1)
  5 kobolds
  3 rats
45 creatures vanquished.

Vanquished Creatures (others)
  A plant (D:3)
1 creature vanquished.

Grand Total: 46 creatures vanquished

Notes
Turn   | Place    | Note
-------+----------+-------------------------------------------
     0 | D:1      | NinjaNoafa the Tengu Conjurer began the quest for the Orb.
     0 | D:1      | Reached XP level 1. HP: 10/10 MP: 4/4
   160 | D:1      | Reached XP level 2. HP: 15/15 MP: 4/6
   569 | D:1      | Reached XP level 3. HP: 19/19 MP: 2/8
   656 | D:1      | Learned a level 2 spell: Searing Ray
  1309 | D:2      | Found Cutilusch's Jewellery Shop.
  1584 | D:2      | Reached skill level 6 in Conjurations
  1590 | D:2      | Reached XP level 4. HP: 22/24 MP: 2/10
  1679 | D:2      | Found a shimmering altar of Xom.
  2427 | D:3      | Noticed Ijyb
  2432 | D:3      | Killed Ijyb
  2476 | D:3      | Slain by an orc

Illustrated notes

Levels and vault maps discovered:
D:1:      ncdulo_lavacross, layout_loops_ring
D:2:      layout_basic, serial_shops, shop, basic_altar, minmay_box_of_dots
D:3:      layout_loops_cross, mainiacjoe_overflow_chevrons,
          chequers_ecumenical_altar_island, uniq_ijyb

Skill      XL: |  1  2  3 |
---------------+----------+-----
Spellcasting   | 3 |  3.7
Conjurations   | 6 |  6.2
Dodging        | |  2.1
Stealth        | |  2.0

Action                   |  1- 3 |  4- 6 || total
-------------------------+-------+-------++-------
Melee: Unarmed           |     5 |       ||     5
       Peck              |     4 |       ||     4
       Kick              |     2 |       ||     2
       Short sword       |     4 |     2 ||     6
       Punch             |     1 |       ||     1
 Cast: Magic Dart        |    64 |     9 ||    73
       Searing Ray       |     3 |     3 ||     6
  Use: Potion            |       |     1 ||     1
Armor: Robe              |     1 |       ||     1
Dodge: Dodged            |     9 |     1 ||    10

Table legend: (Time is in decaauts)
 A = Elapsed time spent in this place.
 B = Non-inter-level travel time spent in this place.
 C = Inter-level travel time spent in this place.
 D = Time resting spent in this place.
 E = Time spent auto-exploring this place.
 F = Levels seen in this place.
 G = Mean time per level.
                   A        B        C        D        E       F      G
               +--------+--------+--------+--------+--------+-----+--------+
         Total |   2473 |   2414 |     59 |      0 |   2172 |   3 |  824.3 |
       Dungeon |   2473 |   2414 |     59 |      0 |   2172 |   3 |  824.3 |
               +--------+--------+--------+--------+--------+-----+--------+

Top non-repeatable levels by time:
     D:2: 1161 daAuts
     D:1: 1127 daAuts
     D:3: 184 daAuts
